Map: Jagannatha LE

Players

A.I. 1 (Very Easy)

  • Race: Terran Terran

QuietMind - Winner!

  • Race: Terran Terran

VOD

Have the link to the VOD?

Description

Time

  • Played on: Sept. 21, 2021, 12:26 a.m.
  • Length: 12:38
Show
View Real Time Build Order
Export as new Build Order

A.I. 1 (Very Easy) Terran 

Build Orders: Reaper Expand 

Get SALT Encoding   

  12  0:00  SCV  
  13  0:13  SCV  
  14  0:18  Supply Depot  
  14  0:42  Barracks  
  14  1:04  Command Center  
  14  1:29  Orbital Command, Marine  
  14  1:32  Supply Depot  
  15  1:38  Refinery  
  15  1:50  Refinery  
  15  1:54  SCV  
  16  2:06  SCV  
  17  2:18  SCV, Reaper  
  17  2:20  SCV  
  20  2:30  SCV  
  20  2:34  SCV  
  22  2:43  SCV  
  23  2:48  SCV  
  23  2:50  Refinery  
  24  2:56  SCV  
  24  2:57  Marine  
  26  3:03  SCV  
  27  3:10  SCV  
  28  3:15  Factory  
  28  3:17  SCV  
  29  3:37  Marine  
  29  3:39  Refinery  
  29  3:41  SCV  
  31  3:48  SCV  
  32  3:53  Supply Depot  
  32  3:55  SCV  
  34  4:02  SCV  
  34  4:04  Starport  
  35  4:10  SCV  
  36  4:17  SCV  
  36  4:18  Reaper  
  38  4:24  SCV  
  39  4:31  SCV  
  39  4:35  Supply Depot  
  40  4:38  SCV  
  40  4:42  Starport Tech Lab  
  41  4:45  SCV  
  41  4:50  Barracks Tech Lab  
  42  4:52  SCV  
  42  5:00  SCV  
  42  5:01  Raven  
  45  5:07  SCV  
  45  5:08  Marine  
  47  5:14  SCV  
  48  5:44  Raven  
  48  5:48  Marine  
  51  6:29  Marauder  
  52  6:40  SCV  
  53  7:25  SCV  
  53  9:22  Reaper  
  53  9:27  Raven  
  43  10:00  Hellion  
  43  10:02  SCV  
  43  10:03  Supply Depot  
  27  10:14  SCV  
  16  10:29  Supply Depot  
Show
View Real Time Build Order
Export as new Build Order

QuietMind Terran - Winner!

Build Orders: Mech 

Get SALT Encoding   

  12  0:00  SCV  
  13  0:12  SCV  
  14  0:17  Supply Depot  
  14  0:24  SCV  
  15  0:39  Barracks, SCV  
  16  0:46  Refinery  
  16  0:51  SCV  
  17  1:03  SCV  
  18  1:15  SCV  
  19  1:27  Orbital Command  
  19  1:37  Command Center  
  19  1:39  Marine  
  20  1:51  Factory  
  20  1:53  SCV  
  21  2:03  Supply Depot  
  21  2:07  Refinery  
  21  2:09  SCV  
  22  2:16  Barracks Tech Lab  
  22  2:21  SCV  
  23  2:33  SCV  
  24  2:42  Siege Tank, Marine  
  28  2:45  SCV  
  29  2:51  Orbital Command  
  29  2:55  Bunker  
  29  2:57  SCV  
  30  3:00  Marine  
  31  3:09  SCV  
  31  3:11  Orbital Command  
  32  3:14  Siege Tank  
  32  3:18  Marine  
  36  3:20  Armory  
  36  3:21  SCV  
  37  3:28  Supply Depot  
  37  3:33  SCV  
  38  3:39  SCV  
  38  3:40  Marine  
  40  3:46  Widow Mine, SCV  
  43  3:51  SCV, Supply Depot  
  44  3:58  SCV  
  45  4:03  SCV  
  45  4:06  Command Center  
  46  4:11  Widow Mine, Barracks Reactor  
  46  4:13  SCV  
  46  4:16  SCV  
  50  4:21  Supply Depot  
  50  4:25  SCV  
  50  4:27  Factory  
  50  4:28  SCV  
  52  4:37  SCV  
  53  4:39  Thor  
  53  4:40  SCV  
  53  4:45  Supply Depot  
  60  4:49  SCV  
  61  4:52  SCV  
  61  4:57  Barracks Tech Lab  
  61  4:59  Engineering Bay  
  62  5:01  SCV  
  62  5:05  Refinery, SCV  
  62  5:06  Refinery  
  64  5:12  Supply Depot  
  64  5:13  SCV  
  65  5:17  SCV, Marauder  
  65  5:20  Hellbat  
  70  5:21  Thor  
  70  5:22  Hellbat  
  70  5:26  SCV  
  80  5:29  Orbital Command, SCV  
  80  5:34  Terran Vehicle Weapons Level 1  
  80  5:37  Missile Turret  
  80  5:38  SCV  
  80  5:39  Missile Turret  
  80  5:41  SCV  
  80  5:42  Marauder  
  84  5:45  Orbital Command  
  84  5:47  Hellbat x2  
  88  5:51  Supply Depot  
  88  5:52  SCV  
  88  5:53  SCV  
  90  6:06  Thor  
  90  6:07  SCV, Marauder  
  90  6:08  SCV  
  100  6:12  Bunker, SCV  
  100  6:14  Missile Turret  
  101  6:25  Hellbat x2, SCV  
  106  6:26  SCV x2  
  108  6:34  Supply Depot  
  108  6:35  Marauder  
  108  6:37  SCV  
  108  6:38  SCV x2  
  113  6:41  Command Center  
  113  6:49  SCV  
  113  6:50  SCV x2  
  113  6:51  Supply Depot  
  116  6:56  Hellbat x2  
  116  7:01  SCV, Supply Depot  
  121  7:02  SCV x2, Marauder  
  125  7:09  Factory  
  125  7:13  SCV, Thor  
  125  7:14  SCV  
  133  7:20  Refinery  
  133  7:22  Refinery, SCV  
  138  7:23  Hellbat x2  
  138  7:24  Supply Depot  
  138  7:25  SCV  
  138  7:26  SCV  
  138  7:29  Barracks Tech Lab  
  140  7:30  Armory, Terran Vehicle And Ship Armor Level 1  
  140  7:34  SCV  
  141  7:40  Supply Depot  
  141  7:42  Supply Depot  
  141  7:43  Supply Depot  
  141  7:46  SCV x2  
  141  7:47  SCV  
  141  7:48  Hellbat  
  141  7:49  Hellbat  
  148  7:53  Marauder  
  148  7:56  Thor  
  148  7:58  SCV x2  
  158  7:59  SCV, Factory  
  159  8:10  SCV x2  
  159  8:11  SCV  
  159  8:12  Supply Depot  
  162  8:14  Hellbat x2, Thor  
  162  8:16  Marauder  
  162  8:17  Supply Depot  
  162  8:19  Terran Vehicle Weapons Level 2  
  174  8:21  Factory  
  174  8:22  SCV x2  
  174  8:23  SCV  
  177  8:29  Command Center  
  177  8:30  Planetary Fortress  
  177  8:33  Infernal Pre-Igniter  
  177  8:34  SCV x2  
  177  8:35  SCV  
  177  8:41  Supply Depot  
  180  8:44  Thor  
  180  8:45  Hellbat  
  180  8:46  SCV  
  189  8:51  SCV x2  
  189  8:54  Barracks Tech Lab  
  191  8:56  Refinery  
  191  8:57  Refinery  
  191  8:58  SCV, Thor  
  191  8:59  Missile Turret  
  191  9:00  Hellbat  
  199  9:17  Sensor Tower  
  199  9:21  Sensor Tower  
  197  9:29  Barracks Tech Lab, Starport  
  197  9:30  Factory  
  195  9:32  Factory  
  195  9:54  Terran Vehicle And Ship Armor Level 2  
  195  9:56  Hi-Sec Auto Tracking  
  195  10:00  Command Center  
  195  10:02  Command Center  
  195  10:04  Command Center  
  195  10:12  Starport Tech Lab  
  195  10:15  Factory Reactor  
  195  10:16  Fusion Core, Factory Tech Lab  
  195  10:26  Starport x2  
  195  10:29  Planetary Fortress  
  195  10:31  Starport  
  195  10:36  SCV x2  
  195  10:37  SCV  
  198  10:45  Command Center  
  198  10:47  Command Center  
  198  10:53  Command Center, Neosteel Armor  
  198  10:56  Missile Turret  
  198  11:03  Starport Tech Lab x2  
  198  11:08  Refinery  
  198  11:10  Refinery  
  198  11:19  Factory  
  198  11:20  Orbital Command  
  198  11:21  Orbital Command  
  198  11:22  Factory  
  198  11:23  Factory, Starport  
  198  11:29  SCV x2  
  198  11:32  Starport Tech Lab  
  198  11:57  Orbital Command  
  198  11:59  Orbital Command  
  198  12:02  Starport Tech Lab  
  198  12:03  Factory Reactor  
  198  12:04  Missile Turret  
  198  12:06  Factory Tech Lab  
  198  12:17  Factory Reactor  
Tags
 
Composition
Mech
Matchup
TvT
Race
Terran
Add a new tag
Caveats
  • Supply blocks, unpowered buildings, or Contaminate may cause inaccurate times.
  • Supply counts are checked every 10 seconds.